 Dungeon Sprint DCSS version 0.30-a0-965-g42e074c17a (webtiles) character file.

Game seed: 11465043222620138507

7 sircluck the Ruffian (level 1, 0/34 HPs)
             Began as a Troll Berserker on Mar 31, 2023.
             Was a Follower of Trog.
             Slain by a merfolk siren
             ... wielding a +0 spear
              (15 damage)
             ... in the Dungeon (Sprint II: "The Violet Keep of Menkaure").
             The game lasted 00:00:32 (47 turns).

sircluck the Ruffian (Troll Berserker)                Turns: 47, Time: 00:00:33

Health: 0/34       AC:  4    Str: 24    XL:     1   Next: 83%
Magic:  0/0        EV: 10    Int:  3    God:    Trog [*.....]
Gold:   243        SH:  0    Dex:  9    Spells: 0/0 levels left

rFire   . . .      SeeInvis .      - Unarmed
rCold   . . .      Faith    .    (no shield)
rNeg    . . .      Spirit   .    a - +0 animal skin
rPois   .          Reflect  .    (helmet restricted)
rElec   .          Rampage  .    (no cloak)
rCorr   .          NoTele   +    (gloves unavailable)
Will    .....                    (boots unavailable) Stlth
                                 (no amulet)
HPRegen 1.05/turn                (no ring)
MPRegen 0.07/turn                (no ring)

@: berserking, very quick
A: large, unfitting armour, claws 3, regeneration 1, shaggy fur 1, tough skin 1
a: Renounce Religion, Berserk


You were in the Dungeon.
You worshipped Trog.
Trog was aware of your devotion.
You visited 1 branch You collected 243 gold pieces.

Inventory:

Armour
 a - a +0 animal skin (worn)
Scrolls
 g - a scroll of blinking
Potions
 b - a potion of curing
 d - a potion of haste
 e - 2 potions of magic


   Skills:
 + Level 3.0 Fighting
 + Level 3.0 Dodging
 + Level 3.7 Unarmed Combat


You couldn't memorise any spells.
You didn't know any spells.
Your spell library was empty.

Dungeon Overview and Level Annotations

Branches:
Dungeon (1/1)

Altars:


Innate Abilities, Weirdness & Mutations

You are too large for most types of armour.
You have claws for hands.
Your natural rate of healing is unusually fast.
You are covered in fur. (AC +1)
You have tough skin. (AC +1)


Message History

You are mesmerised by the merfolk siren!
Found 243 gold pieces.
You close the door.
You are no longer entranced.
There's nothing to close nearby.
You open the door.
The merfolk siren chants a haunting song.
You resist.
The merfolk siren chants a haunting song.
You resist.
There is an open door here.
You scratch the merfolk siren.
The merfolk siren is lightly wounded.
The merfolk siren hits you with a +0 spear!!
Ouch! That really hurt!
* * * LOW HITPOINT WARNING * * *
The merfolk siren barely misses you.
You close the door.
A merfolk siren opens the door.
You feel much better.
The merfolk siren hits you from afar with a +0 spear.
A red film seems to cover your vision as you go berserk!
You feel yourself moving faster!
You feel mighty! The merfolk siren closely misses you.
You feel a strong urge to attack something.
The merfolk siren barely misses you.
There is an open door here.
You claw the merfolk siren!
The merfolk siren is moderately wounded.
You scratch the merfolk siren but do no damage.
The merfolk siren is moderately wounded.
The merfolk siren hits you with a +0 spear!
You closely miss the merfolk siren.
The merfolk siren is moderately wounded.
The merfolk siren hits you with a +0 spear.
You mangle the merfolk siren!!
The merfolk siren is almost dead.
You closely miss the merfolk siren.
The merfolk siren is almost dead.
The merfolk siren hits you with a +0 spear!
You die...

## ## ##. .##
#..#..# #.m.#
# #@# .##
####.##B.$#
+##†'.<.+#
#..†##.##B..#
##.###+# .##
### .#l # l#
#. ## ##


You could see a merfolk siren.

Vanquished Creatures
  2 worms (D)
2 creatures vanquished.

Notes
Turn   | Place    | Note
-------+----------+-------------------------------------------
     0 | D        | sircluck the Troll Berserker began the quest for the Orb.
     0 | D        | Reached XP level 1. HP: 22/22 MP: 0/0
    25 | D        | Noticed a wyvern
    25 | D        | Noticed a wyvern
    29 | D        | Noticed a boulder beetle
    29 | D        | Noticed a boulder beetle
    33 | D        | Noticed a merfolk siren
    47 | D        | Slain by a merfolk siren

Illustrated notes

Levels and vault maps discovered:
D:        the_violet_keep_of_menkaure [sprint2_stairs_cluster_1,
          sprint2_shoproom, sprint2_temple, sprint2_basic_supplies,
          sprint2_obstacle_4, sprint2_obstacle_6, sprint2_obstacle_2,
          sprint2_obstacle_3, sprint2_obstacle_1, sprint2_timed_cluster_1,
          sprint2_smallroom_cluster_1, sprint2_smallroom_final_cluster_1,
          sprint2_transparent_cluster_1, sprint2_second_timed_cluster_1,
          sprint2_sniper_area_1, sprint2_heavy_combat_area_1,
          sprint2_mutation_trap_area_1, sprint2_forest_area_1,
          sprint2_light_combat_area_1, sprint2_behind_water_1,
          sprint2_near_end_vault_1]

Skill      XL: |  1 |
---------------+----+-----
Fighting       | 3 |  3.0
Dodging        | 3 |  3.0
Unarmed Combat | |  3.7

Action                     || total
---------------------------++-------
  Melee: Unarmed           ||    12
    Use: Potion            ||     2
 Armour: Animal skin       ||     1
  Dodge: Dodged            ||     5

Table legend: (Time is in decaauts)
 A = Elapsed time spent in this place.
 B = Non-inter-level travel time spent in this place.
 C = Inter-level travel time spent in this place.
 D = Time resting spent in this place.
 E = Time spent auto-exploring this place.
 F = Levels seen in this place.
 G = Mean time per level.
                   A        B        C        D        E       F      G
               +--------+--------+--------+--------+--------+-----+--------+
         Total |     44 |     44 |      0 |      0 |      0 |   1 |   44.0 |
       Dungeon |     44 |     44 |      0 |      0 |      0 |   1 |   44.0 |
               +--------+--------+--------+--------+--------+-----+--------+

Top non-repeatable levels by time:
       D: 44 daAuts
